 Dungeon Crawl Stone Soup version 0.31-a0-196-g86fe4a5e66 (webtiles) character file.

Game seed: 14219485613082204836

573 qw the Skirmisher (level 7, 0/41 HPs)
             Began as a Deep Elf Hunter on June 24, 2023.
             Slain by a black bear (5 damage)
             ... on level 5 of the Dungeon.
             The game lasted 00:00:58 (2332 turns).

qw the Skirmisher (Deep Elf Hunter)                 Turns: 2332, Time: 00:00:58

Health: 0/41       AC:  5    Str: 10    XL:     7   Next: 12%
Magic:  9/9        EV: 13    Int: 14    God:
Gold:   306        SH:  0    Dex: 24    Spells: 6/6 levels left

rFire   . . .        Y - +0 shortbow
rCold   . . .        (shield currently unavailable)
rNeg    . . .        f - +0 ring mail
rPois   .            (no helmet)
rElec   .            (no cloak)
rCorr   .            (no gloves)
SInv    .            (no boots)
Will    .....        (no amulet)
Stlth   ++           a - +6 ring of dexterity
HPRegen 0.26/turn    (no ring)
MPRegen 0.11/turn

%: no passive effects
@: no status effects
A: no striking features
a: no special abilities


You were on level 5 of the Dungeon.
You visited 1 branch of the dungeon, and saw 5 of its levels.

You collected 306 gold pieces.


   Skills:
 - Level 3.4 Fighting
 + Level 9.2 Ranged Weapons
 - Level 4.5 Dodging
 - Level 1.2 Stealth


You had 6 spell levels left.
You didn't know any spells.
Your spell library was empty.

Inventory:

Hand Weapons
 Y - a +0 shortbow (weapon)
Armour
 f - a +0 ring mail (worn)
Jewellery
 a - a +6 ring of dexterity (left hand)
Scrolls
 m - 2 scrolls of identify
Potions
 b - a potion of heal wounds
 c - a potion of curing
 d - a potion of enlightenment
 g - a potion of berserk rage {unknown}
 h - a potion of attraction {unknown}
 i - a potion of invisibility {unknown}
 k - a potion of haste {unknown}
 l - a potion of resistance {unknown}

Dungeon Overview and Level Annotations

Branches:
Dungeon (5/15)
 Temple: D:4-7

Altars:
Ashenzari
Ru


Message History

The iguana bites you but does no damage.
You shoot an arrow. The arrow hits the iguana!
You kill the iguana!
You shoot an arrow. The arrow hits the black bear.
The black bear is heavily wounded.
The black bear barely misses you.
The black bear claws you but does no damage. x2
You shoot an arrow.
The arrow hits the black bear but does no damage.
The black bear is heavily wounded.
The black bear barely misses you.
The black bear claws you but does no damage. x2
You shoot an arrow.
The arrow hits the black bear but does no damage.
The black bear is heavily wounded.
The black bear barely misses you. The black bear claws you. x2
You shoot an arrow. The arrow hits the black bear.
The black bear is heavily wounded.
The black bear bites you but does no damage.
The black bear closely misses you. The black bear claws you.
The black bear bites you.
The black bear claws you but does no damage.
The black bear completely misses you.
You shoot an arrow. The arrow hits the black bear.
The black bear is severely wounded.
The black bear closely misses you.
The black bear claws you but does no damage.
The black bear misses you.
You shoot an arrow. The arrow hits the black bear.
The black bear is almost dead.
The black bear goes berserk!
You shoot an arrow. The arrow hits the black bear.
The black bear is almost dead.
The black bear misses you. The black bear barely misses you.
The black bear misses you.
You shoot an arrow. The arrow hits the black bear.
The black bear is almost dead.
The black bear bites you! The black bear closely misses you.
The black bear completely misses you. The black bear bites you.
You die...

#.# ... #.# ..# #.###..
# ...... .## # #....
.... #. #.#.# ..$..
####..##.#.#......
..........@h......
####..##.#.#.%.... #.
#.#.#..#.## #.
#.#.#..#.########### #
#.#.#..#...........#
#..................+
#............# ....#
#...#....#.####.....
.......................


You could see a black bear (berserk).

Vanquished Creatures
  Grinder (D:5)
  A black bear (D:3)
  A howler monkey (D:4)
  A hound (D:5)
  2 orc priests (D:3)
  An iguana (D:5)
  3 gnolls (D:4)
  2 adders (D:2)
  A worm (D:3)
  3 orcs (D:3)
  3 ball pythons
  6 endoplasms
  4 giant cockroaches
  7 hobgoblins
  2 jackals (D:1)
  3 quokkas
  2 bats (D:1)
  3 frilled lizards
  6 goblins
  10 kobolds
  5 rats
67 creatures vanquished.

Notes
Turn   | Place    | Note
-------+----------+-------------------------------------------
     0 | D:1      | qw the Deep Elf Hunter began the quest for the Orb.
     0 | D:1      | Reached XP level 1. HP: 12/12 MP: 3/3
     0 | D:1      | 0 ||| qw: Version: 0.3-a-9-g12657ce
     0 | D:1      | 0 ||| qw: Game counter: 4819
     0 | D:1      | 0 ||| qw: Always use a shield: true
     0 | D:1      | 0 ||| qw: God list: Okawaru
     0 | D:1      | 0 ||| qw: Allow faded altars: false
     0 | D:1      | 0 ||| qw: Do Orc after D:15 true
     0 | D:1      | 0 ||| qw: Do second Lair branch before Depths: true
     0 | D:1      | 0 ||| qw: Lair rune preference: random
     0 | D:1      | 0 ||| qw: Plans: Normal
     0 | D:1      | 0 ||| PLANNING D:1-11
    89 | D:1      | Reached XP level 2. HP: 16/16 MP: 4/4
    93 | D:1      | Reached skill level 6 in Ranged Weapons
   224 | D:1      | 224 ||| Stepping ~*~*~tactically~*~*~ (outnumbered).
   420 | D:1      | Reached XP level 3. HP: 20/20 MP: 5/5
   543 | D:1      | 543 ||| UPGRADING to +0 ring mail.
   553 | D:1      | 553 ||| DROPPING +0 leather armour.
   554 | D:1      | 554 ||| READING scroll labelled OTEBBYLEJA.
   557 | D:1      | 557 ||| READING scroll labelled FEVESTRYAD.
   558 | D:1      | 558 ||| DROPPING scroll of butterflies.
   619 | D:2      | Reached skill level 7 in Ranged Weapons
  1006 | D:2      | Found a faded altar of an unknown god.
  1248 | D:2      | 1248 ||| UPGRADING to +6 ring of dexterity.
  1249 | D:2      | 1249 ||| READING scroll labelled NATWIBLIMM.
  1250 | D:2      | 1250 ||| READING scroll labelled LURIDGH DODE.
  1267 | D:3      | 1267 ||| Stepping ~*~*~tactically~*~*~ (outnumbered).
  1269 | D:3      | 1269 ||| Stepping ~*~*~tactically~*~*~ (outnumbered).
  1271 | D:3      | 1271 ||| Stepping ~*~*~tactically~*~*~ (outnumbered).
  1274 | D:3      | Reached XP level 4. HP: 25/25 MP: 6/6
  1283 | D:3      | Reached skill level 8 in Ranged Weapons
  1399 | D:3      | Found a sacrificial altar of Ru.
  1430 | D:3      | Noticed a black bear
  1433 | D:3      | Killed a black bear
  1434 | D:3      | Reached XP level 5. HP: 29/29 MP: 7/7
  1710 | D:3      | 1710 ||| READING scroll labelled WUCYMI MYKHAU.
  1711 | D:3      | 1711 ||| READING scroll labelled ZEQEDE IKHLO.
  1834 | D:4      | Found a broken altar of Ashenzari.
  1885 | D:4      | Reached XP level 6. HP: 34/34 MP: 8/8
  2184 | D:4      | 2184 ||| READING scroll labelled XOEDEO TITRESM.
  2185 | D:4      | 2185 ||| DRINKING 2 lumpy white potions.
  2186 | D:4      | 2186 ||| DRINKING 2 orange potions.
  2187 | D:4      | 2187 ||| READING 3 scrolls of identify.
  2187 | D:4      | 2187 ||| IDENTIFYING black potion
  2188 | D:4      | 2188 ||| READING 2 scrolls of identify.
  2188 | D:4      | 2188 ||| IDENTIFYING murky black potion
  2189 | D:4      | 2189 ||| DROPPING potion of magic.
  2209 | D:5      | Entered Level 5 of the Dungeon
  2224 | D:5      | Reached skill level 9 in Ranged Weapons
  2239 | D:5      | Noticed Grinder
  2258 | D:5      | Killed Grinder
  2259 | D:5      | Reached skill level 3 in Fighting
  2259 | D:5      | Reached XP level 7. HP: 30/41 MP: 9/9
  2332 | D:5      | HP: 5/41 [black bear (10)]
  2332 | D:5      | Slain by a black bear

Levels and vault maps discovered:
D:1:      dpeg_arrival_chambers_temple_mockup, layout_rooms,
          lexackson_kobold_supper
D:2:      layout_basic, nicolae_ecumenical_lake_church
D:3:      layout_basic, overflow_temple_1_default
D:4:      layout_rooms, nicolae_ashenzari_skybound, minivault_11
D:5:      cheibrodos_thug_alley, layout_basic, minmay_temple_entry_nine_rooms,
          kennysheep_windowed_goal, uniq_sigmund, uniq_grinder

Skill      XL: |  1  2  3  4  5  6 |
---------------+-------------------+-----
Ranged Weapons | 6 7 8 9 |  9.2
Dodging        | 4 |  4.5
Fighting       | 3 |  3.4
Stealth        | |  1.2

Action                     |  1- 3 |  4- 6 |  7- 9 || total
---------------------------+-------+-------+-------++-------
   Fire: Shortbow          |    90 |   102 |    18 ||   210
    Use: Scroll            |     4 |     5 |       ||     9
         Potion            |       |     2 |       ||     2
 Armour: Leather armour    |     4 |       |       ||     4
         Ring mail         |    10 |     7 |     9 ||    26
  Dodge: Dodged            |    25 |    20 |    14 ||    59

Table legend:
 A = Non-vault XP
 B = Vault XP
 C = Vault XP percentage of total XP
 D = Non-vault monster count
 E = Vault monster count
 F = Vault count percentage of total count
                 A         B        C        D         E       F
            +---------+---------+-------+---------+---------+-------
      Total |     508 |     311 |  38.0 |      58 |       9 |  13.4
            +---------+---------+-------+---------+---------+-------
        D:1 |      35 |      11 |  23.9 |      21 |       8 |  27.6
        D:2 |      33 |       0 |   0.0 |       7 |       0 |   0.0
        D:3 |     245 |       0 |   0.0 |      16 |       0 |   0.0
        D:4 |     113 |       0 |   0.0 |      11 |       0 |   0.0
        D:5 |      82 |     300 |  78.5 |       3 |       1 |  25.0
            +---------+---------+-------+---------+---------+-------
